 Dungeon Crawl Stone Soup version 0.27-a0-1149-g4505690ab0 (webtiles) character file.

Game seed: 2993984655552476848

701 robertstho the Magician (level 7, -3/47 HPs)
             Began as a Djinni Fire Elementalist on May 13, 2021.
             Slain by an ogre
             ... wielding a +0 giant spiked club
              (24 damage)
             ... on level 4 of the Dungeon.
             The game lasted 00:05:03 (4552 turns).

robertstho the Magician (Djinni Fire Elementalist)  Turns: 4552, Time: 00:05:04

Health: -3/47      AC:  2    Str:  7    XL:     7   Next: 98%
Gold:   190        EV: 12    Int: 19    God:
                   SH:  0    Dex: 13

rFire    + + .     SeeInvis .   h - +2 scythe (venom)
rCold    x . .     Faith    .   (shield currently unavailable)
rNeg     . . .     Spirit   .   a - +0 robe
rPois    ∞         Reflect  .   (no helmet)
rElec    .         Harm     .   (no cloak)
rCorr    .         Rampage  .   (no gloves)
Will     .....                  (boots unavailable)
Stlth    ++........             (no amulet)
HPRegen  0.15/turn              (no ring)
MPRegen  0.00/turn              (no ring)

@: flying
A: sickness immunity, fire resistance 2, cold vulnerability 1, float, innate
caster, hp casting, extra vitality 1
a: no special abilities


You were on level 4 of the Dungeon.
You visited 1 branch of the dungeon, and saw 4 of its levels.

You collected 190 gold pieces.

Inventory:

Hand Weapons
 g - a +0 dagger
 h - a +2 scythe of venom (weapon)
 i - a +0 dagger of speed
Armour
 a - a +0 robe (worn)
Jewellery
 q - an amulet of faith
Wands
 l - a wand of mindburst (15)
 m - a wand of paralysis (5)
Scrolls
 b - 7 scrolls of identify {unknown}
 c - a scroll of brand weapon {unknown}
 e - 3 scrolls of teleportation {unknown}
 f - 2 scrolls of amnesia {unknown}
 j - a scroll of magic mapping {unknown}
 p - a scroll of fear {unknown}
Potions
 d - 4 potions of curing {unknown}
 k - 3 potions of brilliance {unknown}
 n - a potion of ambrosia {unknown}
 o - a potion of degeneration {unknown}


   Skills:
 + Level 1.2 Fighting
 + Level 0.4 Polearms
 + Level 2.5 Dodging
 + Level 3.0 Stealth
 + Level 6.0 Spellcasting


You couldn't memorise any spells.
You knew the following spells:

 Your Spells              Type           Power      Damage    Failure   Level
a - Foxfire               Conj/Fire      100%       2x1d9     1%          1
b - Conjure Flame         Conj/Fire      28%        6-21      2%          3
c - Inner Flame           Hex/Fire       28%        N/A       2%          3
d - Sticky Flame          Conj/Fire      28%        2d5       9%          4
e - Fireball              Conj/Fire      14%        3d8       26%         5
f - Pain                  Necr           100%       1d9       1%          1
g - Passwall              Tmut/Erth      23%        N/A       1%          2
h - Poisonous Vapours     Pois/Air       56%        N/A       1%          2
Your spell library was empty.

Dungeon Overview and Level Annotations

Branches:
Dungeon (4/15)
 Temple: D:4-7

Altars:
Cheibriados
Fedhas
Wu Jian
Xom

Annotations:
D:4 3 runed translucent doors, tygod's ghost, amateur TeSu


Innate Abilities, Weirdness & Mutations

You are immune to sickness and miasma.
You are immune to poison.
Your flesh is very heat resistant. (rF++)
You are vulnerable to cold. (rC-)
You float through the air rather than walking.
You learn spells naturally, not from books.
Your magical power is your life essence.
You have superior vitality. (+4 HP)


Message History

The foxfire hits the hound.
The hound is heavily wounded.
The foxfire hits the hound but does no damage.
The hound is heavily wounded.
The hound bites you.
Casting: Foxfire (safe; 1% risk of failure)
Press: ? - help, Q - select action, (/) - cycle Dir - look around, f - activate You conjure some foxfire!
The foxfire hits the hound.
The hound is severely wounded.
The hound bites you. x2
Casting: Foxfire (safe; 1% risk of failure)
Confirm with . or Enter, or press ? or * to list all spells.
The spell is quite dangerous to cast (10% risk of failure)!
Continue anyway? [Y]es or [N]o only, please.
The spell is quite dangerous to cast (10% risk of failure)!
Continue anyway?
Okay, then.
The foxfire hits the hound.
The hound is severely wounded.
The foxfire hits the hound.
You kill the hound!
Your Spellcasting skill increases to level 6!
Casting: Sticky Flame (dangerous; 9% risk of failure)
Confirm with . or Enter, or press ? or * to list all spells.
Aiming: Poisonous Vapours (safe; 1% risk of failure)
Press: ? - help, Dir - move target, f - ogre
Aim: an ogre, wielding a +0 giant spiked club Poisonous vapours surround the ogre!
The ogre is poisoned.
Unknown command.
Casting: Poisonous Vapours (safe; 1% risk of failure)
Confirm with . or Enter, or press ? or * to list all spells.
Aiming: Sticky Flame (dangerous; 9% risk of failure)
Press: ? - help, Shift-Dir - straight line, f/p - ogre
Aim: an ogre, wielding a +0 giant spiked club (lightly wounded, poisoned, 100% to hit)
The sticky flame hits the ogre.
The ogre is moderately wounded.
The ogre is covered in liquid flames!
The ogre burns!
The ogre hits you with a +0 giant spiked club!!
Ouch! That really hurt!
You die...

#.# ######.##.###. #.# #.#
#.##.##..#####.# #.#
#...........##.## #.#
##.........##...##### #.#
#........#....#...... #.#
#........####...##### #.#
#........#####.##...#
##.##########...O..............#
#.....#.....#...@....#...##.##..#
.......................####..# .
....................#..#####.#
.........................[.#.####
..............######.#.###.......
..............# ###.#.###.......
..............####...#..##.####++
........................##.#


ZW.Z ...........................# #... You could see an ogre (burning,
poisoned).

Vanquished Creatures
  Sigmund (D:2)
  An ogre (D:3)
  3 scorpions (D:4)
  A hound (D:4)
  2 iguanas (D:4)
  2 orc wizards (D:4)
  A gnoll (D:1)
  4 adders
  An adder skeleton (D:4)
  A worm (D:3)
  6 dart slugs
  7 orcs (D:4)
  12 ball pythons
  4 bats
  8 endoplasms
  5 giant cockroaches
  9 goblins
  6 hobgoblins
  2 jackals (D:4)
  4 quokkas
  2 frilled lizards
  4 kobolds
  5 rats
91 creatures vanquished.

Vanquished Creatures (others)
  432 foxfires
432 creatures vanquished.

Grand Total: 523 creatures vanquished

Notes
Turn   | Place    | Note
-------+----------+-------------------------------------------
     0 | D:1      | robertstho the Djinni Fire Elementalist began the quest for
                  | the Orb.
     0 | D:1      | Reached XP level 1. HP: 15/15 MP: 0/0
   246 | D:1      | Reached XP level 2. HP: 18/21 MP: 0/0
   637 | D:1      | Reached skill level 3 in Spellcasting
   920 | D:1      | Reached XP level 3. HP: 24/25 MP: 0/0
   920 | D:1      | Learned a level 1 spell: Pain
  1702 | D:2      | Reached XP level 4. HP: 28/31 MP: 0/0
  1986 | D:2      | Noticed Sigmund
  1993 | D:2      | Killed Sigmund
  1994 | D:2      | Reached skill level 4 in Spellcasting
  1994 | D:2      | Reached XP level 5. HP: 26/35 MP: 0/0
  1994 | D:2      | Learned a level 2 spell: Passwall
  1994 | D:2      | Reached XP level 6. HP: 29/40 MP: 0/0
  2923 | D:3      | Noticed an ogre
  2928 | D:3      | Killed an ogre
  2929 | D:3      | Reached skill level 1 in Fighting
  3154 | D:3      | Found an ornate altar of the Wu Jian Council.
  3154 | D:3      | Found a shimmering altar of Xom.
  3154 | D:3      | Found a snail-covered altar of Cheibriados.
  3154 | D:3      | Found a blossoming altar of Fedhas.
  3582 | D:4      | Reached skill level 5 in Spellcasting
  3582 | D:4      | Reached XP level 7. HP: 43/47 MP: 0/0
  3582 | D:4      | Learned a level 2 spell: Poisonous Vapours
  4346 | D:4      | Found a runed translucent gate.
  4346 | D:4      | Found a runed translucent gate.
  4346 | D:4      | Found a runed translucent gate.
  4350 | D:4      | Noticed tygod's ghost (amateur TeSu)
  4543 | D:4      | Reached skill level 6 in Spellcasting
  4552 | D:4      | Slain by an ogre

Illustrated notes

Levels and vault maps discovered:
D:1:      amcnicky_arrival_gap_in_the_tavern_cellar, layout_basic
D:2:      layout_basic, kennysheep_generic_room_5, uniq_sigmund
D:3:      layout_loops_ring, chequers_temple_overflow_statue_of_worship
D:4:      layout_rooms, gammafunk_ghost_necromancy, grunt_decor_mini_mirrors,
          chequers_serial_rivers_small_3, minmay_misc_feat_tower, sigmund_army

Skill      XL: |  1  2  3  4  5  6  7 |
---------------+----------------------+-----
Spellcasting   | 3 4 5 6 |  6.0
Stealth        | 2 3 |  3.0
Fighting       | 1 |  1.2
Polearms       | |  0.4
Dodging        | |  2.5

Action                   |  1- 3 |  4- 6 |  7- 9 || total
-------------------------+-------+-------+-------++-------
Melee: Scythe            |       |     1 |       ||     1
 Cast: Foxfire           |    88 |    91 |    86 ||   265
       Sticky Flame      |       |     1 |     4 ||     5
       Poisonous Vapours |       |       |     2 ||     2
Armor: Robe              |       |     2 |     1 ||     3
Dodge: Dodged            |     2 |     5 |     7 ||    14

Table legend: (Time is in decaauts)
 A = Elapsed time spent in this place.
 B = Non-inter-level travel time spent in this place.
 C = Inter-level travel time spent in this place.
 D = Time resting spent in this place.
 E = Time spent auto-exploring this place.
 F = Levels seen in this place.
 G = Mean time per level.
                   A        B        C        D        E       F      G
               +--------+--------+--------+--------+--------+-----+--------+
         Total |   4551 |   4477 |     74 |      0 |   3982 |   4 | 1137.8 |
       Dungeon |   4551 |   4477 |     74 |      0 |   3982 |   4 | 1137.8 |
               +--------+--------+--------+--------+--------+-----+--------+

Top non-repeatable levels by time:
     D:1: 1698 daAuts
     D:2: 1081 daAuts
     D:4: 974 daAuts
     D:3: 796 daAuts
